 Dungeon Crawl Stone Soup version 0.17.1-2-g5865329 (webtiles) character file.

10 Jerry the Sneak (level 2, 0/17 HPs)
             Began as an Octopode Wizard on Feb 10, 2016.
             Succumbed to an adder's poison
             ... on level 2 of the Dungeon.
             The game lasted 00:01:47 (450 turns).

Jerry the Sneak (Octopode Wizard)                    Turns: 450, Time: 00:01:47

Health: 0/17       AC:  1    Str:  6    XL:     2   Next: 20%
Magic:  2/6        EV: 12    Int: 20    God:
Gold:   44         SH:  0    Dex: 10    Spells: 1 memorised, 6 levels left

rFire  . . .     SeeInvis .     e - +0 mace
rCold  . . .     Clarity  .     (no shield)
rNeg   . . .     SustAt   +     a - +0 hat
rPois  .         Gourm    .     (no amulet)
rElec  .         Spirit   .     m - ring of sustain attributes
rCorr  .         Warding  .     (no ring)
rMut   .         Stasis   .     (no ring)
MR     .....                    (no ring)
Stlth  +++.......               (no ring)
                                (no ring)
                                (no ring)
                                (no ring)

@: lethally poisoned (0 -> -6), very slightly contaminated, not resistant to
hostile enchantments, fairly stealthy
A: almost no armour, amphibious, 8 rings, constrict 8, camouflage 1, gelatinous
body 1
a: no special abilities


You were on level 2 of the Dungeon.
You were not hungry.

You visited 1 branch of the dungeon, and saw 2 of its levels.

You collected 44 gold pieces.

Inventory:

Hand Weapons
 e - a +0 mace (weapon)
Armour
 a - a +0 hat (worn)
Jewellery
 m - a ring of sustain attributes (left tentacle)
Scrolls
 g - a scroll of identify {unknown}
 h - a scroll of amnesia {unknown}
 k - a scroll of magic mapping {unknown}
Potions
 i - 2 potions of curing {unknown}
 j - a potion of haste {unknown}
Books
 b - a book of Minor Magic

   Spells                             Type                      Level
   a - Magic Dart                     Conjuration                  1
   b - Blink                          Translocation                2
   c - Call Imp                       Summoning                    2
   d - Repel Missiles                 Charms/Air                   2
   e - Slow                           Hexes                        2
   f - Conjure Flame                  Conjuration/Fire             3
   g - Mephitic Cloud                 Conjuration/Poison/Air       3
Comestibles
 c - a bread ration
 d - a beef jerky
 f - a slice of pizza
 l - a meat ration


   Skills:
 - Level 2.0 Dodging
 - Level 3.2 Stealth
 - Level 3.0 Spellcasting
 + Level 1.8 Conjurations
   Level 1.0 Summonings
   Level 1.0 Translocations


You had 6 spell levels left.
You knew the following spells:

 Your Spells              Type           Power        Failure   Level  Hunger
a - Magic Dart            Conj           ##..         10%         1    None


Dungeon Overview and Level Annotations

Branches:
Dungeon (2/15)

Altars:


Innate Abilities, Weirdness & Mutations

You cannot wear most types of armour.
You are amphibious.
You can wear up to eight rings at the same time.
You can use your tentacles to constrict eight enemies at once.
Your skin changes colour to match your surroundings (Stealth).
Your rubbery body absorbs attacks (AC +1).


Message History

The bat closely misses you.
You miss the bat. Your grab misses the bat. Your squeeze misses the bat.
The bat hits you but does no damage.
The adder moves out of view.
The bat barely misses you. The bat hits you.
You barely miss the bat. Your grab misses the bat. The bat closely misses you.
The bat closely misses you. The bat hits you.
You barely miss the bat. Your grab misses the bat. The bat hits you.
The bat hits you but does no damage. The bat barely misses you.
You barely miss the adder. Your grab misses the adder.
Your squeeze misses the adder. The bat hits you. The bat misses you.
The adder bites you.
* * * LOW HITPOINT WARNING * * *
You are lethally poisoned!
The adder poisons you! The bat closely misses you. The adder bites you.
* * * LOW HITPOINT WARNING * * *
You are too injured to fight recklessly!
You are too injured to fight recklessly!
You are too injured to fight recklessly!
You are too injured to fight recklessly!
You die...

##. ... ...# ##..
#..## #.. ... #.#
.. #.###<#
#..###.....#
.......†#####
###...b..?..#
#....#..@S..#
..##..###.........
# ##. ###.###...
#. ... . # ....#
....# .#### .#


You could see an adder and a bat.

Vanquished Creatures
  A giant gecko (D:1)
  A goblin (D:1)
  A hobgoblin (D:1)
  A quokka (D:2)
  A bat (D:1)
  A giant newt (D:1)
  A kobold (D:1)
  3 rats (D:1)
10 creatures vanquished.

Notes
Turn   | Place    | Note
--------------------------------------------------------------
     0 | D:1      | Jerry the Octopode Wizard began the quest for the Orb.
     0 | D:1      | Reached XP level 1. HP: 11/11 MP: 4/4
   314 | D:1      | Reached XP level 2. HP: 15/17 MP: 3/6
   450 | D:2      | Succumbed to an adder's poison

Action                   || total
-------------------------++-------
Melee: Mace              ||    13
 Cast: Magic Dart        ||    21
